 Dungeon Crawl Stone Soup version 0.16-a0-324-g99bef82 (webtiles) character file.

25 PolkaDot the Caller (level 2, 0/19 HPs)
             Began as a Vampire Summoner on Sept 3, 2014.
             Slain by a goblin
             ... wielding a +0 dagger
              (3 damage)
             ... on Level 1 of the Dungeon.
             The game lasted 00:03:11 (578 turns).

PolkaDot the Caller (Vampire Summoner)               Turns: 578, Time: 00:03:12

HP   0/19        AC  2     Str  7      XL: 2   Next: 82%
MP   3/4         EV 12     Int 17      God:
Gold 9           SH  0     Dex 14      Spells:  1 memorised,  4 levels left

rFire  . . .     SeeInvis +     f - +0 spear
rCold  . . .     Clarity  .     a - +0 robe
rNeg   . . .     rCorr    .     (no shield)
rPois  .         rRot     .     (no helmet)
rElec  .         Spirit   .     (no cloak)
SustAb .         Warding  .     (no gloves)
rMut   .         Stasis   .     (no boots)
Gourm  .                        (no amulet)
MR     .....                    (no ring)
                                (no ring)

@: regenerating quickly, not resistant to hostile enchantments, unstealthy
A: fangs 3, see invisible, unbreathing
a: no special abilities


You were on level 1 of the Dungeon.
You were very full.

You visited 1 branch of the dungeon, and saw 1 of its levels.

You collected 9 gold pieces.

Inventory:

Hand weapons
 f - a +0 spear (weapon)
Armour
 a - a +0 robe (worn)
Scrolls
 c - a scroll of fear {unknown}
 e - a scroll of identify {unknown}
Potions
 d - 2 potions of mutation {unknown}
Books
 b - a book of Callings

   Spells                             Type                      Level
   *Summon Small Mammal               Summoning                    1
   Call Imp                           Summoning                    2
   Call Canine Familiar               Summoning                    3
   Summon Guardian Golem              Hexes/Summoning              4
   Summon Lightning Spire             Summoning/Air                4
   Summon Ice Beast                   Ice/Summoning                4


   Skills:
 - Level 2.1 Dodging
 - Level 3.0 Stealth
 - Level 2.0 Spellcasting
 + Level 4.9 Summonings


You had 4 spell levels left.
You knew the following spells:

 Your Spells              Type           Power        Failure   Level  Hunger
a - Summon Small Mammal   Summ           ###.         2%          1    #......


Dungeon Overview and Level Annotations

Branches:
Dungeon (1/15)

Altars:


Innate Abilities, Weirdness & Mutations

Your natural rate of healing is unusually fast.
You have razor-sharp teeth.
You have supernaturally acute eyesight.
You can survive without breathing.


Message History

You closely miss the goblin. The goblin hits you with a dagger.
* * * LOW HITPOINT WARNING * * *
The giant cockroach bites you.
* * * LOW HITPOINT WARNING * * *
The giant cockroach completely misses you.
Casting: Summon Small Mammal
Confirm with . or Enter, or press ? or * to list all spells.
The giant cockroach bites you.
* * * LOW HITPOINT WARNING * * *
Your rat bites the goblin but does no damage.
Your rat barely misses the goblin.
The giant cockroach closely misses you. The goblin hits you with a dagger.
* * * LOW HITPOINT WARNING * * *
Your rat bites the goblin.
Your rat bites the giant cockroach but does no damage.
Casting: Summon Small Mammal
Confirm with . or Enter, or press ? or * to list all spells.
The goblin hits you with a dagger.
You die...

#........# #...## ##...
##.......# #....## #...
##......###..#..##########...
#.###.....)).)..................
............###..###.#########...
#.###......#....# #.# #...
##........##r# #.. #...
..........r##.####.. ###.
###........sg@#. .#### ###.
#..###.#####.......)...###... ...
#.#####.####### #.....## ##
......#.# ####.>## ..# ##.# #...#
#.... ..# ..# #...## #.### ..#
#.# #....# ###.# # #.# .. #.#..#
#####...### #.# .# ##%..###
##.....####.


You could see a giant cockroach, a goblin and 2 friendly rats.

Vanquished Creatures
  2 giant cockroaches (D:1)
  2 goblins (D:1)
  A hobgoblin (D:1)
  A jackal (D:1)
  A kobold (D:1)
  3 bats (D:1)
  A rat (D:1)
11 creatures vanquished.

Vanquished Creatures (collateral kills)
  2 giant geckos (D:1)
  2 oozes (D:1)
  2 goblins (D:1)
  2 hobgoblins (D:1)
  2 jackals (D:1)
  A giant cockroach (D:1)
  2 kobolds (D:1)
13 creatures vanquished.

Vanquished Creatures (others)
  2 rats (D:1)
  4 toadstools (D:1)
6 creatures vanquished.

Grand Total: 30 creatures vanquished

Notes
Turn   | Place    | Note
--------------------------------------------------------------
     0 | D:1      | PolkaDot, the Vampire Summoner, began the quest for the Orb.
     0 | D:1      | Reached XP level 1. HP: 13/13 MP: 3/3
   276 | D:1      | Reached XP level 2. HP: 19/19 MP: 4/4
   578 | D:1      | Slain by a goblin

Action                   || total
-------------------------++-------
Melee: Unarmed           ||    50
       Spear             ||    23
 Cast: Summon Small Mamm ||    21
  Use: Potion            ||     1
  Eat: Corpse            ||     8
